AoeStats
← Pantsus

Arena

506558042Analyzed
4v4 RM · 19d ago on Sep 14, 2026· 26m 19s· 8 players
Game mode
Random Map
Map size
Large (8 player)
Population
200
Speed
Normal
Resources
Standard
Victory
Conquest
Starting age
Dark Age
Ending age
Imperial Age
RankedLock teamsTeams togetherTeam positionsShared explorationLock speedFull tech treeHidden civsTurbo modeCheats
Victory
Defeat
🇮🇹 Chinese · Italy
1140
+15
🇦🇷 Wu · Argentina
1116
+16
🇦🇷 Hindustanis · Argentina
1094
+17
1005
+19
🇺🇸 Japanese · United States
1145
-19
🇹🇷 Lithuanians · Türkiye
1122
-17
🇨🇱 Persians · Chile
1081
-16
🇺🇸 Mongols · United States
1073
-15
Alcatraz
11:40 Feudal Age
12:59 Loom
15:49 Castle Age
13:40 Double-Bit Axe
19:11 Bow Saw
27:47 Imperial Age
25:33 Horse Collar
25:59 Fletching
27:13 Wheelbarrow
26:25 Town Watch
Kryptonknight
10:46 Feudal Age
11:59 Double-Bit Axe
14:30 Castle Age
13:52 Horse Collar
16:13 Bow Saw
20:14 Heavy Plow
20:35 Town Watch
21:47 Wheelbarrow
21:55 Fletching
22:38 Bodkin Arrow
22:41 Loom
Pantsus
11:43 Feudal Age
15:40 Castle Age
14:33 Horse Collar
14:40 Double-Bit Axe
16:36 Wheelbarrow
16:39 Bow Saw
17:21 Heavy Plow
21:50 Loom
26:08 Stone Mining
26:14 Gold Mining
Nuhro
10:32 Feudal Age
15:06 Castle Age
13:41 Double-Bit Axe
14:14 Horse Collar
17:01 Sanctity
18:40 Loom
19:30 Bow Saw
19:24 Heavy Plow
22:17 Wheelbarrow
26:37 Gold Mining
29:19 Imperial Age
Propaganda Eleitoral Irregular
10:38 Feudal Age
14:41 Wheelbarrow
18:11 Castle Age
19:16 Crossbowman
20:34 Double-Bit Axe
20:40 Horse Collar
23:11 Bow Saw
24:15 Heavy Plow
25:11 Fletching
25:23 Scale Mail Armor
25:42 Thumb Ring
25:48 Gold Mining
TodoCode
11:06 Feudal Age
14:47 Castle Age
12:50 Double-Bit Axe
13:28 Horse Collar
14:51 Scale Mail Armor
15:50 Bow Saw
16:33 Forging
16:56 Squires
21:09 Arson
23:26 Chain Mail Armor
26:04 Loom
MatiSitoula
7:26 Loom
9:28 Feudal Age
15:58 Castle Age
14:06 Double-Bit Axe
14:33 Horse Collar
17:50 Bow Saw
20:11 Wheelbarrow
19:49 Heavy Plow
23:51 Hand Cart
24:02 Gold Mining
28:57 Imperial Age
lillithadam20
10:52 Feudal Age
14:40 Castle Age
13:01 Double-Bit Axe
13:14 Horse Collar
16:13 Bow Saw
20:20 Wheelbarrow
24:05 Hand Cart
27:13 Imperial Age
25:58 Stone Mining
25:59 Gold Mining
26:01 Fletching
26:34 Ballistics
Connection lost

Rejoining the realm…

Still unreachable

The connection could not be restored.

Session expired

The server has moved on; the page needs a fresh start.